 Dungeon Crawl Stone Soup version 0.27.1-1-g398f81649c (webtiles) character file.

Game seed: 12518322188960222502

5 MajorAdolf the Covered (level 1, -3/18 HPs)
             Began as a Naga Wanderer on Sept 11, 2021.
             Slain by a quokka (5 damage)
             ... on level 1 of the Dungeon.
             The game lasted 00:00:11 (94 turns).

MajorAdolf the Covered (Naga Wanderer)                Turns: 94, Time: 00:00:12

Health: -3/18      AC:  1    Str: 13    XL:     1   Next: 80%
Magic:  1/1        EV:  9    Int: 13    God:
Gold:   0          SH:  0    Dex: 10    Spells: 0/0 levels left

rFire    . . .     SeeInvis +   a - +2 hand axe
rCold    . . .     Faith    .   (no shield)
rNeg     . . .     Spirit   .   e - +0 robe
rPois    +         Reflect  .   (no helmet)
rElec    .         Harm     .   (no cloak)
rCorr    .         Rampage  .   (no gloves)
Will     .....                  (no barding)
Stlth    ++........             (no amulet)
HPRegen  0.06/turn              (no ring)
MPRegen  0.07/turn              (no ring)

@: short of breath, very slow
A: AC +0, large, see invisible, deformed body, poison resistance, slowness 2,
spit poison 1, naga tail 1
a: Spit Poison


You were on level 1 of the Dungeon.
You visited 1 branch of the dungeon, and saw 1 of its levels.

Inventory:

Hand Weapons
 a - a +2 hand axe (weapon)
 b - a +0 hand crossbow
Missiles
 c - 25 bolts
Armour
 e - a +0 robe (worn)
Scrolls
 d - a scroll of teleportation


   Skills:
 + Level 1.0 Fighting
 + Level 2.1 Axes
 + Level 1.8 Crossbows
 + Level 2.6 Armour
 + Level 1.5 Stealth
 + Level 1.0 Evocations


You couldn't memorise any spells.
You didn't know any spells.
Your spell library was empty.

Dungeon Overview and Level Annotations

Branches:
Dungeon (1/15)

Altars:


Innate Abilities, Weirdness & Mutations

Your serpentine skin is tough. (AC +0)
You have supernaturally acute eyesight. (SInv)
Armour fits poorly on your strangely shaped body.
Your system is resistant to poisons. (rPois)
You cover ground very slowly.
You can spit poison.
You have a snake-like lower body.


Message History

The quokka twitches its whiskers.
The ball python hisses angrily.
The jackal barely misses you. The jackal completely misses you.
The jackal bites you. x2
The jackal misses you.
The jackal barks!
You slash the jackal!
You kill the jackal!
The jackal barely misses you.
You hit the jackal.
The jackal is moderately wounded.
The jackal barely misses you. The jackal bites you.
You hit the jackal.
The jackal is heavily wounded.
The jackal bites you.
You are too injured to fight recklessly!
You are too injured to fight recklessly!
You hit the jackal.
The jackal is severely wounded.
The jackal completely misses you. The jackal bites you.
Unknown command.
You slash the jackal!
You kill the jackal!
You closely miss the ball python. The ball python bites you.
* * * LOW HITPOINT WARNING * * *
The ball python barely misses you.
You hit the ball python.
You kill the ball python!
The quokka bites you.
* * * LOW HITPOINT WARNING * * *
Unknown command.
Press: ? - help, Shift-Dir - straight line, f - quokka
Aim: a quokka The splash of poison hits the quokka but does no damage.
The quokka is poisoned.
The quokka closely misses you.
Unknown command.
You hit the quokka.
The quokka is moderately wounded.
The quokka bites you.
You die...

.# #.....+..... ..
#....######. #.
#....#... ## ###K##
###......#. # #....#
#..........# #
####)...#
#.#..#.###..##
........# #.#..#.#
..#
........######.#..#.#
.
......†Jhr@....#..#.#
.....##.K#####.#..#
.... ##.# #.#..# ...
#.. #.#..# .. ##..
..# . .. ... #.# #.#
.. #.#


You could see an endoplasm, a quokka (poisoned), a jackal and a kobold.

Vanquished Creatures
  3 jackals (D:1)
  2 ball pythons (D:1)
5 creatures vanquished.

Notes
Turn   | Place    | Note
-------+----------+-------------------------------------------
     0 | D:1      | MajorAdolf the Naga Wanderer began the quest for the Orb.
     0 | D:1      | MajorAdolf set off with the following items: a +2 hand axe,
                  | a +0 hand crossbow, 25 bolts, a scroll of teleportation, a
                  | +0 robe
     0 | D:1      | Reached XP level 1. HP: 18/18 MP: 1/1
    94 | D:1      | Slain by a quokka

Illustrated notes

Levels and vault maps discovered:
D:1:      mrwooster_arrival_arrow, layout_basic, serial_shops, shop

Action                   || total
-------------------------++-------
Melee: Hand axe          ||    10
 Abil: Spit Poison       ||     2
Dodge: Dodged            ||     8
